 Dungeon Crawl Stone Soup version 0.27-a0-1144-g0b7d3b79db (webtiles) character file.

Game seed: 10793359075273981365

490 kae the Slasher (level 6, -5/51 HPs)
             Began as a Demonspawn Abyssal Knight on May 10, 2021.
             Was a Believer of Lugonu.
             Splashed by a jelly's acid (9 damage)
             ... on level 4 of the Dungeon.
             The game lasted 00:03:59 (6011 turns).

kae the Slasher (Demonspawn Abyssal Knight)         Turns: 6011, Time: 00:03:59

Health: -5/51      AC: -4    Str: 14    XL:     6   Next: 90%
Magic:  7/7        EV: 11    Int: 13    God:    Lugonu [**....]
Gold:   255        SH:  0    Dex: 15    Spells: 5/5 levels left

rFire    . . .     SeeInvis .   a - +1 falchion (venom)
rCold    . . .     Faith    .   (no shield)
rNeg     . . .     Spirit   .   b - +0 leather armour
rPois    .         Reflect  .   (no helmet)
rElec    .         Harm     .   (no cloak)
rCorr    .         Rampage  .   (no gloves)
Will     .....                  (no boots)
Stlth    ++........             (no amulet)
HPRegen  0.17/turn              (no ring)
MPRegen  0.10/turn              (no ring)

@: lethally poisoned (-5 -> -12), about to teleport, corroded
A: thin skeletal structure 1, ignite blood 1
a: Renounce Religion, Depart the Abyss, Bend Space


You were on level 4 of the Dungeon.
You worshipped Lugonu.
Lugonu was pleased with you.
You visited 1 branch of the dungeon, and saw 5 of its levels.
You visited the Abyss 1 time.

You collected 321 gold pieces.
You spent 66 gold pieces at shops.

Inventory:

Hand Weapons
 a - a +1 falchion of venom (weapon)
Armour
 b - a +0 leather armour (worn)
Jewellery
 e - a ring of ice
Scrolls
 g - a scroll of teleportation
Potions
 f - a potion of mutation
 h - a potion of degeneration
 i - 2 potions of brilliance
 j - a potion of invisibility
 m - 2 potions of ambrosia


   Skills:
 + Level 5.1 Fighting
 * Level 5.7 Long Blades
 - Level 1.7 Armour
 - Level 0.8 Dodging
 - Level 2.4 Invocations


You had 5 spell levels left.
You didn't know any spells.
Your spell library contained the following spells:

 Spells                   Type           Power      Damage    Failure   Level
 Foxfire                  Conj/Fire      0%         2x1d4     36%         1
 Conjure Flame            Conj/Fire      0%         6-21      75%         3
 Inner Flame              Hex/Fire       0%         N/A       75%         3
 Sticky Flame             Conj/Fire      0%         2d3       98%         4
 Fireball                 Conj/Fire      0%         3d3       100%        5


Dungeon Overview and Level Annotations

Branches:
Dungeon (5/15)
 Temple: D:4-7

Altars:
Kikubaaqudgha

Shops:
D:2 =   D:4 ?

Annotations:
D:4 2 transporters


Innate Abilities, Weirdness & Mutations

You have a somewhat thin skeletal structure. (Dex +2, Stealth+)
Your demonic aura sometimes causes spilled blood to erupt in flames.


Message History

Partly explored, unvisited transporter.
Partly explored, unvisited transporter.
Partly explored, unvisited transporter.
Okay, then.
You climb downwards.
There is a stone staircase leading up here.
The scorpion stings you. The jelly barely misses you.
You climb upwards.
Level annotation: 2 transporters
There is a stone staircase leading down here.
You hit the scorpion but do no damage.
The scorpion is poisoned.
The scorpion misses you.
You riposte.
You hit the scorpion but do no damage.
The scorpion is lightly wounded.
The jelly hits you. The acid corrodes you!
You are splashed with acid!
The scorpion stings you.
You closely miss the scorpion.
The scorpion is lightly wounded.
The jelly hits you. The acid corrodes you!
You are splashed with acid!
The scorpion stings you.
You closely miss the scorpion.
The scorpion is moderately wounded.
The jelly hits you.
You are splashed with acid!
* * * LOW HITPOINT WARNING * * *
The scorpion closely misses you.
You riposte.
You hit the scorpion.
The scorpion is severely wounded.
You barely miss the scorpion.
The scorpion is severely wounded.
The jelly barely misses you. The scorpion stings you.
* * * LOW HITPOINT WARNING * * *
You are lethally poisoned!
The scorpion poisons you!
Okay, then.
As you read the scroll of teleportation, it crumbles to dust.
You feel strangely unstable.
* * * LOW HITPOINT WARNING * * *
You feel very sick. The scorpion closely misses you. The jelly hits you.
* * * LOW HITPOINT WARNING * * *
You are splashed with acid!
You die...

#..# ##...##...#..#.....)...#.
##.## #<.⌠....⌠.'.#####.....#..
##..## ##...##...### ####.....
#....### #######.## #.....
.......####...##.## #.....
#####.....#...#...# #.....
##........#.⌠.# #..###
##.......#sJ.# #..#
##....#..##@## ##..#
##....##...####### ###...#
##....##..........####.....#
#....###...#...............###
###...###....#...##............#
##.....###........####....####...
........#..).......###...## ##..
.#......#............#...# #..
#.#......................# ##..


You could see a scorpion (poisoned) and a jelly.

Vanquished Creatures
  2 scorpions
  2 hounds
  2 orc priests (D:3)
  A bullfrog skeleton (D:3)
  An orc wizard (D:4)
  4 gnolls (D:4)
  5 adders
  An ufetubus (D:4)
  A worm (D:2)
  2 dart slugs
  13 orcs
  7 ball pythons
  4 endoplasms
  10 giant cockroaches
  8 goblins
  7 hobgoblins
  4 jackals
  5 kobolds
  4 quokkas
  3 bats
  7 frilled lizards
  5 rats
98 creatures vanquished.

Notes
Turn   | Place    | Note
-------+----------+-------------------------------------------
     0 | Abyss:1  | kae the Demonspawn Abyssal Knight began the quest for the
                  | Orb.
     0 | Abyss:1  | Reached XP level 1. HP: 18/18 MP: 2/2
    10 | Abyss:1  | Found a corrupted altar of Lugonu.
    73 | Abyss:1  | Noticed a smoke demon
    83 | D:1      | Escaped the Abyss
   502 | D:1      | Gained mutation: Your demonic aura sometimes causes spilled
                  | blood to erupt in flames. [demonic ancestry]
   502 | D:1      | Reached XP level 2. HP: 20/24 MP: 3/3
   577 | D:1      | Reached * piety under Lugonu
  1325 | D:1      | Gained mutation: You have a somewhat thin skeletal
                  | structure. (Dex +2, Stealth+) [demonic ancestry]
  1325 | D:1      | Reached XP level 3. HP: 29/29 MP: 4/4
  1393 | D:2      | Found Siafuu's Jewellery Shop.
  1564 | D:2      | Found a faded altar of an unknown god.
  1864 | D:2      | Found an ancient bone altar of Kikubaaqudgha.
  2328 | D:2      | Reached XP level 4. HP: 37/37 MP: 5/5
  2770 | D:3      | Reached XP level 5. HP: 15/42 MP: 6/6
  3926 | D:4      | Found a transporter.
  3935 | D:4      | Found Dubogut's Magic Scroll Boutique.
  3942 | D:4      | Bought a scroll of identify for 22 gold pieces
  3942 | D:4      | Bought a scroll of identify for 22 gold pieces
  3942 | D:4      | Bought a scroll of identify for 22 gold pieces
  4118 | D:4      | Reached skill level 5 in Long Blades
  4118 | D:4      | Reached XP level 6. HP: 47/49 MP: 7/7
  4119 | D:4      | Reached ** piety under Lugonu
  4856 | D:4      | Found a transporter.
  5498 | D:5      | Entered Level 5 of the Dungeon
  5695 | D:5      | Reached skill level 5 in Fighting
  6011 | D:4      | Splashed by a jelly's acid

Illustrated notes

Levels and vault maps discovered:
D:1:      shiori_arrival_maze, layout_basic
D:2:      layout_rooms, basic_ecumenical_altar, basic_altar, serial_shops, shop,
          kennysheep_generic_room_16
D:3:      layout_rooms
D:4:      gammafunk_wand_slinger, layout_layer_cave, serial_glass,
          glass_columns_c, glass_columns_b, serial_shops, shop,
          grunt_ministairs_5
D:5:      layout_gridville, chequers_temple_overflow_minitemple,
          minmay_misc_feat_square, kennysheep_generic_room_6

Skill      XL: |  1  2  3  4  5  6 |
---------------+-------------------+-----
Long Blades    | 2 3 4 5 |  5.7
Fighting       | 4 5 |  5.1
Armour         | |  1.7
Dodging        | |  0.8
Invocations    | |  2.4

Action                   |  1- 3 |  4- 6 || total
-------------------------+-------+-------++-------
Melee: Falchion          |   123 |   141 ||   264
Invok: Depart the Abyss  |     1 |       ||     1
  Use: Scroll            |     5 |    10 ||    15
       Potion            |       |     2 ||     2
 Stab: Sleeping          |     4 |     1 ||     5
Armor: Leather armour    |    25 |    27 ||    52
Dodge: Dodged            |    73 |   116 ||   189
       Rpst.: Falchion   |    23 |    36 ||    59

Table legend: (Time is in decaauts)
 A = Elapsed time spent in this place.
 B = Non-inter-level travel time spent in this place.
 C = Inter-level travel time spent in this place.
 D = Time resting spent in this place.
 E = Time spent auto-exploring this place.
 F = Levels seen in this place.
 G = Mean time per level.
                   A        B        C        D        E       F      G
               +--------+--------+--------+--------+--------+-----+--------+
         Total |   6025 |   5878 |    147 |    700 |   4432 |   6 | 1004.2 |
       Dungeon |   5942 |   5795 |    147 |    696 |   4359 |   5 | 1188.4 |
         Abyss |     83 |     83 |      0 |      4 |     73 |   1 |   83.0 |
               +--------+--------+--------+--------+--------+-----+--------+

Top non-repeatable levels by time:
     D:4: 1853 daAuts
     D:2: 1539 daAuts
     D:1: 1321 daAuts
     D:3: 996 daAuts
     D:5: 231 daAuts
 Abyss:1: 83 daAuts
